 Dungeon Crawl Stone Soup version 0.18.1-48-g4cf74bf (webtiles) character file.

2665 Inkary the Cleaver (level 9, -8/83 HPs)
             Began as a Hill Orc Berserker on Aug 26, 2016.
             Was a Believer of Trog.
             Mangled by a gnoll sergeant
             ... wielding a +1 trident of venom
              (10 damage)
             ... on level 7 of the Dungeon.
             The game lasted 00:16:57 (7150 turns).

Inkary the Cleaver (Hill Orc Berserker)             Turns: 7150, Time: 00:16:57

Health: -8/83      AC: 10    Str: 22    XL:     9   Next: 63%
Magic:  3/3        EV: 11    Int: 10    God:    Trog [**....]
Gold:   331        SH:  0    Dex: 13    Spells: 0 memorised, 8 levels left

rFire  . . .     SeeInvis .     I - +2 falchion of the Unspeakable One {antimagic, *Noise rElec Str+2 Int+3}
rCold  . . .     Gourm    +     o - +0 ring mail
rNeg   . . .     Faith    .     (no shield)
rPois  .         Spirit   .     F - +0 helmet
rElec  +         Dismiss  .     (no cloak)
rCorr  .         Reflect  .     t - +0 pair of gloves
SustAt .         Harm     .     u - +0 pair of boots
MR     ++...                    a - amulet of the gourmand
Stlth  +.........               (no ring)
                                (no ring)

@: lethally poisoned (-8 -> -29), exhausted, regenerating, slowed, very slow,
very resistant to hostile enchantments, very unstealthy
A: no striking features
a: Berserk, Trog's Hand, Burn Spellbooks, Renounce Religion


You were on level 7 of the Dungeon.
You worshipped Trog.
Trog was pleased with you.
You were not hungry.

You visited 1 branch of the dungeon, and saw 7 of its levels.
You also visited: Ossuary.

You collected 446 gold pieces.
You spent 115 gold pieces at shops.

Inventory:

Hand Weapons
 y - a +0 vampiric war axe
 I - the +2 falchion of the Unspeakable One (weapon) {antimagic, *Noise rElec Str+2 Int+3}
   (You found it on level 6 of the Dungeon)

   It disrupts the flow of magical energy around spellcasters and certain
   magical creatures (including the wielder).
   It affects your strength (+2).
   It affects your intelligence (+3).
   It insulates you from electricity.
   It may make noises in combat.
Missiles
 b - 2 exploding tomahawks (quivered)
Armour
 o - a +0 ring mail (worn)
 t - a +0 pair of gloves (worn)
 u - a +0 pair of boots (worn)
 F - a +0 helmet (worn)
Jewellery
 a - an amulet of the gourmand (around neck)
 H - an uncursed amulet of faith
Wands
 E - a wand of slowing (18/48)
 G - a wand of confusion (23/48)
Scrolls
 f - 2 scrolls of enchant armour {unknown}
 h - a scroll of magic mapping {unknown}
 j - 2 scrolls of teleportation {unknown}
 k - a scroll of immolation {unknown}
 m - 2 scrolls of noise {unknown}
 p - 3 scrolls of remove curse
 r - 3 scrolls of fog
 v - 2 scrolls of blinking {unknown}
Potions
 e - 3 potions of magic
 g - a potion of beneficial mutation
 i - a potion of might
 q - 2 potions of degeneration
 s - a potion of agility
 w - a potion of flight
 z - 2 potions of lignification
 B - a potion of mutation
 D - a potion of cure mutation
Comestibles
 c - 2 bread rations


   Skills:
 + Level 9.3 Fighting
   Level 3.2(3.3) Short Blades
 + Level 1.3(2.6) Long Blades
 - Level 9.7 Axes
 + Level 8.3 Armour
 - Level 1.5 Dodging


You had 8 spell levels left.
You didn't know any spells.

Dungeon Overview and Level Annotations

Branches:
Dungeon (7/15)
 Temple: D:4-7

Altars:
Dithmenos
Sif Muna

Shops:
D:4 ?


Message History

The gnoll sergeant is lightly wounded.
* * * LOW HITPOINT WARNING * * *
You feel very sick.
The gnoll sergeant closely misses you. x2
Unknown command.
You slash the gnoll sergeant!
The gnoll sergeant is heavily wounded.
* * * LOW HITPOINT WARNING * * *
You feel very sick.
The gnoll sergeant hits you with a trident of venom.
* * * LOW HITPOINT WARNING * * *
You are more poisoned.
You hit the gnoll sergeant.
The gnoll sergeant is severely wounded.
* * * LOW HITPOINT WARNING * * *
You feel extremely sick.
The gnoll sergeant hits you but does no damage.
You are more poisoned.
The gnoll sergeant hits you with a trident of venom!
You die...

#......#.....#..............
#####+########..............
..#....###......#####.....#
..#......#......#...#.....+
..#....>.#......'...#.....#
..#......#......#.))'.....#
..###...##......##)##.....#
....#...#......##†.# y......
....#...#......#@..# .......
....#...'......g...# .......
....#...#......#...# .......
....#'###......###.# .......
#+#..............### ##.o...
#..............+
#..............#
+..............
#.............


You could see a gnoll sergeant.

Vanquished Creatures
  Grinder (D:4)
  Eustachio (D:5)
  A water moccasin (D:6)
  An orc warrior (D:3)
  An ice beast (D:6)
  2 centaurs (D:6)
  An ogre (D:6)
  Blork the orc (D:5)
  An elf zombie (Ossuary)
  A big kobold (D:5)
  2 giant frogs (D:6)
  A scorpion (D:5)
  3 killer bees (D:7)
  A howler monkey (D:3)
  4 crimson imps
  A giant frog skeleton (D:6)
  4 jellies
  3 hounds (D:4)
  4 human zombies (Ossuary)
  2 orc priests
  5 orc wizards
  Crazy Yiuf (D:5)
  2 iguanas
  3 worker ants
  A hound zombie (Ossuary)
  3 mummies (Ossuary)
  A howler monkey zombie (D:7)
  5 gnolls
  12 adders
  A shadow imp (D:5)
  An adder zombie (Ossuary)
  2 oozes (D:3)
  2 worms
  4 dart slugs
  6 giant geckos
  14 orcs
  7 giant cockroaches
  14 goblins
  11 hobgoblins
  11 jackals
  4 quokkas
  A ball python (D:1)
  10 bats
  6 giant newts
  2 gnoll zombies (Ossuary)
  2 goblin zombies (Ossuary)
  6 hobgoblin zombies (Ossuary)
  A jackal zombie (Ossuary)
  14 kobolds
  4 kobold zombies (Ossuary)
  An orc zombie (Ossuary)
  2 quokka skeletons
  4 quokka zombies (Ossuary)
  8 rats
  8 rat zombies (Ossuary)
215 creatures vanquished.

Notes
Turn   | Place    | Note
--------------------------------------------------------------
     0 | D:1      | Inkary the Hill Orc Berserker began the quest for the Orb.
     0 | D:1      | Reached XP level 1. HP: 19/19 MP: 1/1
   199 | D:1      | Reached XP level 2. HP: 27/27 MP: 2/2
   668 | D:1      | Reached ** piety under Trog
   668 | D:1      | Reached XP level 3. HP: 26/33 MP: 3/3
  1450 | D:2      | Reached skill level 5 in Axes
  1450 | D:2      | Reached XP level 4. HP: 38/41 MP: 4/4
  2370 | D:3      | Reached XP level 5. HP: 47/47 MP: 5/5
  2474 | D:3      | Noticed an orc warrior
  2476 | D:3      | Reached *** piety under Trog
  2481 | D:3      | Killed an orc warrior
  2481 | D:3      | Reached skill level 5 in Fighting
  2481 | D:3      | Reached XP level 6. HP: 56/56 MP: 6/6
  3182 | D:4      | Found Posemob's Magic Scroll Shop.
  3234 | D:4      | Got a dazzling short sword
  3235 | D:4      | Identified the cursed +0 short sword of Integrity {venom, MR+ Str+3 Dex+4 Stlth+} (You found it on level 4 of the Dungeon)
  3265 | D:4      | Bought a scroll of amnesia for 38 gold pieces
  3265 | D:4      | Bought a scroll of identify for 22 gold pieces
  3265 | D:4      | Bought a scroll of identify for 22 gold pieces
  3265 | D:4      | Bought a scroll of remove curse for 33 gold pieces
  3449 | D:4      | Noticed Grinder
  3469 | D:4      | Killed Grinder
  3469 | D:4      | Reached skill level 1 in Short Blades
  3469 | D:4      | Reached skill level 5 in Armour
  3469 | D:4      | Reached XP level 7. HP: 63/63 MP: 7/7
  3842 | D:5      | Entered Level 5 of the Dungeon
  3844 | D:5      | Found a shadowy altar of Dithmenos.
  3847 | D:5      | Noticed Blork the orc
  3856 | D:5      | Killed Blork the orc
  4008 | D:5      | Noticed Eustachio
  4016 | D:5      | Reached **** piety under Trog
  4016 | D:5      | Reached XP level 8. HP: 59/71 MP: 8/8
  4044 | D:5      | Killed Eustachio
  4793 | D:5      | Noticed Crazy Yiuf
  4799 | D:5      | Killed Crazy Yiuf
  5158 | D:6      | Found a deep blue altar of Sif Muna.
  5226 | D:6      | Reached XP level 9. HP: 62/81 MP: 9/9
  5285 | D:6      | Found a shadowy altar of Dithmenos.
  5373 | D:6      | Found a sand-covered staircase.
  5378 | Ossuary  | Entered an ossuary
  6319 | D:6      | Got a fine falchion
  6896 | D:7      | Identified the +2 falchion of the Unspeakable One {antimagic, *Noise rElec Str+2 Int+3} (You found it on level 6 of the Dungeon)
  7118 | D:7      | Reached skill level 1 in Long Blades
  7150 | D:7      | HP: 2/83 [poisoned by a gnoll sergeant]
  7150 | D:7      | Mangled by a gnoll sergeant

Skill      XL: |  1  2  3  4  5  6  7  8  9 |
---------------+----------------------------+-----
Fighting       | 4 5 6 8 9 |  9.3
Armour         | 3 4 5 7 8 |  8.3
Axes           | 5 6 7 8 9 |  9.7
Short Blades   | 1 2 3 |  3.2
Long Blades    | 1 |  1.3
Dodging        | |  1.5

Action                   |  1- 3 |  4- 6 |  7- 9 || total
-------------------------+-------+-------+-------++-------
Melee: Hand axe          |   110 |   129 |       ||   239
       War axe           |       |    66 |   214 ||   280
       Short sword       |       |    25 |   263 ||   288
       Falchion          |       |       |    46 ||    46
Invok: Trog's Hand       |     1 |     2 |    10 ||    13
       Berserk           |     1 |     1 |     6 ||     8
       Burn Spellbooks   |       |       |     1 ||     1
Evoke: Wand              |       |       |     4 ||     4
  Use: Scroll            |       |     8 |     9 ||    17
       Potion            |       |       |     4 ||     4
 Stab: Sleeping          |       |       |     4 ||     4
  Eat: Chunk             |     2 |    10 |    12 ||    24
       Pizza             |       |     1 |     2 ||     3
       Fruit             |       |     1 |       ||     1
       Beef jerky        |       |     1 |       ||     1
       Royal jelly       |       |       |     1 ||     1
       Bread ration      |       |       |     2 ||     2
Armor: Animal skin       |    17 |       |       ||    17
       Ring mail         |    29 |    85 |   242 ||   356
Dodge: Dodged            |    92 |   131 |   331 ||   554
